2994 views
Uploaded 2019-12-06 21:34:01
Game version 1.32.0.3 / 1.32.0.3.1
9:13 long 3on3 ladder game on (6)RollingHills
Saved by BEARAND
2994 views
Uploaded 2019-12-06 21:34:01
Game version 1.32.0.3 / 1.32.0.3.1
9:13 long 3on3 ladder game on (6)RollingHills


/ 0.1k
24 buildings @ 3.6k
/ 1.2k


| Acolyte | 6 | 450 | / | 0 |
| Ghoul | 25 | 3000 | / | 0 |
| total: | 31 | 3450g | / | 0w |
| Nerubian Tower | 3 | 300 | / | 60 |
| Crypt | 3 | 600 | / | 150 |
| Ziggurat | 8 | 1200 | / | 400 |
| Altar of Darkness | 2 | 360 | / | 100 |
| total: | 13 | 2160g | / | 650w |
| 0:11 | Crypt |
| 0:15 | Ziggurat |
| 0:22 | Acolyte |
| 0:22 | Acolyte |
| 0:44 | Altar of Darkness |
| 1:00 | Acolyte |
| 1:00 | Acolyte |
| 1:13 | Altar of Darkness |
| 1:16 | Ziggurat |
| 1:23 | Ghoul |
| 1:23 | Ghoul |
| 2:28 | Ghoul |
| 2:28 | Ghoul |
| 2:28 | Ghoul |
| 2:33 | Ghoul |
| 2:33 | Ghoul |
| 2:33 | Ghoul |
| 2:37 | Ziggurat |
| 2:38 | Ziggurat |
| 3:08 | Nerubian Tower |
| 3:12 | Ghoul |
| 3:12 | Ghoul |
| 3:19 | Nerubian Tower |
| 3:22 | Crypt |
| 3:39 | Vampiric Aura |
| 3:56 | Ghoul |
| 3:56 | Ghoul |
| 3:56 | Ghoul |
| 4:07 | Nerubian Tower |
| 4:28 | Acolyte |
| 4:28 | Acolyte |
| 4:42 | Ghoul |
| 4:42 | Ghoul |
| 4:42 | Ghoul |
| 4:45 | Ghoul |
| 4:45 | Ghoul |
| 4:49 | Ziggurat |
| 4:49 | Ziggurat |
| 4:51 | Crypt |
| 5:04 | Ziggurat |
| 5:04 | Ziggurat |
| 5:31 | Ghoul |
| 6:04 | Impale |
| 6:16 | Ghoul |
| 6:16 | Ghoul |
| 6:17 | Ghoul |
| 6:17 | Ghoul |
| 6:17 | Ghoul |
| 6:17 | Ghoul |
| Chat | 508 |
| Right click | 200 |
| Select | 107 |
| Build/train/purchase | 38 |
| Use ability | 16 |
| Remove unit | 3 |

| Peasant | 5 | 375 | / | 0 |
| Footman | 6 | 810 | / | 0 |
| Rifleman | 4 | 820 | / | 120 |
| total: | 15 | 2005g | / | 120w |
| Altar of Kings | 1 | 180 | / | 50 |
| Farm | 4 | 320 | / | 80 |
| Barracks | 1 | 160 | / | 60 |
| Blacksmith | 1 | 140 | / | 60 |
| Workshop | 1 | 140 | / | 140 |
| Keep | 1 | 320 | / | 210 |
| total: | 8 | 940g | / | 390w |
| 0:08 | Altar of Kings |
| 0:12 | Farm |
| 0:15 | Peasant |
| 0:19 | Barracks |
| 1:49 | Peasant |
| 2:22 | Flame Strike |
| 2:25 | Footman |
| 2:31 | Farm |
| 3:16 | Footman |
| 3:16 | Footman |
| 4:18 | Footman |
| 4:18 | Footman |
| 4:21 | Keep |
| 4:29 | Blacksmith |
| 5:09 | Footman |
| 5:53 | Farm |
| 6:43 | Workshop |
| 6:45 | Rifleman |
| 6:46 | Rifleman |
| 6:46 | Rifleman |
| 6:46 | Rifleman |
| 8:18 | Farm |
| 8:21 | Peasant |
| 8:21 | Peasant |
| 8:21 | Peasant |
| Right click | 242 |
| Select | 125 |
| Build/train/purchase | 18 |
| Chat | 8 |
| Use ability | 2 |
| Acolyte | 3 | 225 | / | 0 |
| total: | 3 | 225g | / | 0w |
| Crypt | 1 | 200 | / | 50 |
| Ziggurat | 2 | 300 | / | 100 |
| total: | 3 | 500g | / | 150w |
| 0:03 | Acolyte |
| 0:03 | Acolyte |
| 0:06 | Crypt |
| 0:07 | Ziggurat |
| 0:11 | Ziggurat |
| 0:26 | Acolyte |
| Right click | 9 |
| Assign group | 8 |
| Select | 8 |
| Build/train/purchase | 3 |
| Select group | 3 |
35 units @ 2.5k
/ 0k
77 buildings @ 6k
/ 2.7k


| Lesser Clarity Potion | 1 | 70 |
| Circlet of Nobility | 1 | 175 |
| Boots of Speed | 2 | 500 |
| Staff of Teleportation | 3 | 450 |
| Healing Salve | 1 | 100 |
| Scroll of Speed | 1 | 50 |
| total: | 9 | 1345g |
| Wisp | 10 | 600 | / | 0 |
| total: | 10 | 600g | / | 0w |
| Altar of Elders | 1 | 180 | / | 50 |
| Moon Well | 8 | 1440 | / | 320 |
| Hunter's Hall | 1 | 210 | / | 100 |
| Tree of Ages | 1 | 320 | / | 180 |
| Tree of Eternity | 1 | 330 | / | 200 |
| total: | 10 | 1830g | / | 470w |
| 0:01 | Wisp |
| 0:03 | Altar of Elders |
| 0:08 | Wisp |
| 0:18 | Wisp |
| 0:32 | Wisp |
| 0:45 | Moon Well |
| 0:57 | Wisp |
| 1:10 | Moon Well |
| 1:54 | Wisp |
| 1:54 | Wisp |
| 1:58 | Wisp |
| 2:04 | Wisp |
| 2:15 | Moon Well |
| 2:18 | Wisp |
| 2:24 | Breath of Fire |
| 3:16 | Circlet of Nobility |
| 3:40 | Boots of Speed |
| 3:40 | Staff of Teleportation |
| 3:42 | Staff of Teleportation |
| 4:21 | Tree of Ages |
| 4:52 | Healing Salve |
| 4:52 | Lesser Clarity Potion |
| 4:55 | Scroll of Speed |
| 5:06 | Moon Well |
| 6:48 | Cluster Rockets |
| 6:59 | Tree of Eternity |
| 7:02 | Hunter's Hall |
| 7:10 | Moon Well |
| 7:29 | Moon Well |
| 7:33 | Drunken Brawler |
| 7:51 | Boots of Speed |
| 8:05 | Staff of Teleportation |
| 8:26 | Moon Well |
| 9:11 | Moon Well |
| Right click | 469 |
| Assign group | 233 |
| Select group | 137 |
| Select | 84 |
| Resource trade | 55 |
| Chat | 36 |
| Build/train/purchase | 30 |
| Use ability | 26 |
| Misc. action | 10 |
| Item give/drop | 1 |

| Lesser Clarity Potion | 1 | 70 |
| Boots of Speed | 1 | 250 |
| Staff of Teleportation | 1 | 150 |
| Periapt of Vitality | 1 | 325 |
| Healing Salve | 1 | 100 |
| total: | 5 | 895g |
| Peasant | 15 | 1125 | / | 0 |
| total: | 15 | 1125g | / | 0w |
| Scout Tower | 44 | 1320 | / | 880 |
| Arcane Tower | 1 | 70 | / | 50 |
| Guard Tower | 21 | 1470 | / | 1050 |
| Altar of Kings | 1 | 180 | / | 50 |
| Farm | 2 | 160 | / | 40 |
| Lumber Mill | 1 | 120 | / | 0 |
| Keep | 2 | 640 | / | 420 |
| total: | 48 | 1780g | / | 970w |
| 0:02 | Peasant |
| 0:02 | Peasant |
| 0:09 | Altar of Kings |
| 0:18 | Farm |
| 0:35 | Peasant |
| 0:35 | Peasant |
| 0:39 | Farm |
| 0:52 | Lumber Mill |
| 1:02 | Peasant |
| 1:14 | Peasant |
| 1:38 | Peasant |
| 1:41 | Peasant |
| 1:55 | Scout Tower |
| 2:02 | Peasant |
| 2:03 | Peasant |
| 2:12 | Blizzard |
| 2:16 | Scout Tower |
| 2:21 | Scout Tower |
| 2:22 | Arcane Tower |
| 2:23 | Scout Tower |
| 2:26 | Scout Tower |
| 2:34 | Scout Tower |
| 2:44 | Guard Tower |
| 2:51 | Guard Tower |
| 2:51 | Guard Tower |
| 2:53 | Scout Tower |
| 2:54 | Scout Tower |
| 3:30 | Peasant |
| 3:30 | Peasant |
| 3:30 | Peasant |
| 3:30 | Peasant |
| 3:40 | Guard Tower |
| 3:41 | Scout Tower |
| 3:42 | Scout Tower |
| 3:42 | Scout Tower |
| 3:44 | Guard Tower |
| 3:45 | Scout Tower |
| 3:46 | Scout Tower |
| 3:46 | Scout Tower |
| 3:47 | Scout Tower |
| 3:47 | Scout Tower |
| 3:48 | Scout Tower |
| 3:48 | Scout Tower |
| 3:49 | Scout Tower |
| 3:49 | Peasant |
| 4:00 | Scout Tower |
| 4:13 | Scout Tower |
| 4:14 | Guard Tower |
| 4:16 | Scout Tower |
| 4:36 | Guard Tower |
| 4:43 | Scout Tower |
| 4:43 | Scout Tower |
| 4:51 | Boots of Speed |
| 4:51 | Staff of Teleportation |
| 4:52 | Periapt of Vitality |
| 5:04 | Improved Masonry |
| 5:05 | Advanced Masonry |
| 5:09 | Guard Tower |
| 5:11 | Scout Tower |
| 5:12 | Scout Tower |
| 5:21 | Scout Tower |
| 5:21 | Scout Tower |
| 5:22 | Scout Tower |
| 5:23 | Scout Tower |
| 6:18 | Guard Tower |
| 6:29 | Healing Salve |
| 6:29 | Lesser Clarity Potion |
| 6:38 | Guard Tower |
| 6:49 | Guard Tower |
| 6:50 | Scout Tower |
| 6:50 | Scout Tower |
| 6:53 | Scout Tower |
| 6:54 | Scout Tower |
| 6:54 | Scout Tower |
| 7:21 | Guard Tower |
| 7:25 | Keep |
| 7:26 | Guard Tower |
| 7:43 | Guard Tower |
| 7:44 | Scout Tower |
| 7:44 | Scout Tower |
| 7:46 | Scout Tower |
| 7:47 | Scout Tower |
| 8:00 | Brilliance Aura |
| 8:03 | Guard Tower |
| 8:04 | Scout Tower |
| 8:42 | Guard Tower |
| 8:43 | Scout Tower |
| 8:44 | Scout Tower |
| 8:44 | Scout Tower |
| 8:47 | Guard Tower |
| 8:48 | Scout Tower |
| Right click | 578 |
| Chat | 130 |
| Select | 121 |
| Build/train/purchase | 55 |
| Misc. action | 35 |
| Select group | 19 |
| Use ability | 10 |
| Assign group | 4 |
| Minimap ping | 2 |
| Remove unit | 1 |



| Healing Salve | 2 | 200 |
| Lesser Clarity Potion | 2 | 140 |
| Orb of Lightning | 1 | 375 |
| Boots of Speed | 2 | 500 |
| Circlet of Nobility | 1 | 175 |
| Periapt of Vitality | 1 | 325 |
| total: | 9 | 1715g |
| Peon | 10 | 750 | / | 0 |
| total: | 10 | 750g | / | 0w |
| Watch Tower | 13 | 1430 | / | 1040 |
| Altar of Storms | 1 | 180 | / | 50 |
| Orc Burrow | 2 | 320 | / | 80 |
| War Mill | 1 | 205 | / | 0 |
| Voodoo Lounge | 2 | 260 | / | 60 |
| Stronghold | 2 | 630 | / | 380 |
| Fortress | 2 | 650 | / | 380 |
| total: | 19 | 2395g | / | 1230w |
| 0:07 | Altar of Storms |
| 0:08 | Peon |
| 0:17 | Orc Burrow |
| 0:21 | Peon |
| 0:32 | Peon |
| 0:41 | War Mill |
| 0:42 | Peon |
| 0:46 | Peon |
| 1:04 | Peon |
| 1:24 | Peon |
| 1:45 | Peon |
| 1:55 | Peon |
| 1:56 | Peon |
| 2:19 | Watch Tower |
| 2:24 | Watch Tower |
| 2:27 | Watch Tower |
| 2:31 | Orc Burrow |
| 2:34 | Spiked Barricades |
| 2:42 | Shockwave |
| 3:20 | Stronghold |
| 3:26 | Voodoo Lounge |
| 3:30 | Voodoo Lounge |
| 4:51 | Watch Tower |
| 4:57 | Watch Tower |
| 5:29 | Boots of Speed |
| 5:29 | Circlet of Nobility |
| 5:41 | Fortress |
| 5:50 | Healing Salve |
| 5:51 | Lesser Clarity Potion |
| 6:01 | Watch Tower |
| 6:30 | Watch Tower |
| 6:39 | Hex |
| 6:51 | Watch Tower |
| 6:52 | Watch Tower |
| 7:24 | Watch Tower |
| 7:46 | Watch Tower |
| 8:01 | Endurance Aura |
| 8:33 | Boots of Speed |
| 8:33 | Periapt of Vitality |
| 8:47 | Rain of Fire |
| 8:55 | Watch Tower |
| 9:00 | Watch Tower |
| 9:07 | Orb of Lightning |
| 9:09 | Healing Salve |
| 9:10 | Lesser Clarity Potion |
| Right click | 551 |
| Select group | 549 |
| Chat | 542 |
| Select | 64 |
| Build/train/purchase | 32 |
| Use ability | 16 |
| Misc. action | 11 |
| Minimap ping | 9 |
| Assign group | 5 |
| Item give/drop | 4 |
| Esc | 1 |
⇛